 Dungeon Crawl Stone Soup version 0.18.1-5-g4a78601 (webtiles) character file.

2073 mopl the Covert (level 9, 0/51 HPs)
             Began as a High Elf Enchanter on May 12, 2016.
             Was a Believer of Dithmenos.
             Splashed by a wight's acid (10 damage)
             ... on level 6 of the Dungeon.
             The game lasted 00:17:50 (6396 turns).

mopl the Covert (High Elf Enchanter)                Turns: 6396, Time: 00:17:51

Health: 0/51       AC: -1    Str:  9    XL:     9   Next: 6%
Magic:  6/18       EV: 13    Int: 21    God:    Dithmenos [**....]
Gold:   306        SH:  0    Dex: 18    Spells: 6 memorised, 4 levels left

rFire  + + .     SeeInvis +     a - +1 dagger (speed)
rCold  . . .     Gourm    .     b - +1 robe
rNeg   + . .     Faith    .     (no shield)
rPois  .         Spirit   .     (no helmet)
rElec  .         Dismiss  .     M - +2 cloak
rCorr  .         Reflect  .     (no gloves)
SustAt .         Harm     .     e - +0 pair of boots
MR     .....                    W - amulet of regeneration
Stlth  +++++.....               J - ring of see invisible
                                y - ring of Safupn {rF++ rN+ Str+2, =R}

@: corroded, wreathed by umbra, not resistant to hostile enchantments, quite
stealthy
A: no striking features
a: Shadow Step, Renounce Religion


You were on level 6 of the Dungeon.
You worshipped Dithmenos.
Dithmenos was pleased with you.
You were not hungry.

You visited 2 branches of the dungeon, and saw 8 of its levels.
You also visited: Ossuary.

You collected 306 gold pieces.

Inventory:

Hand Weapons
 a - a +1 dagger of speed (weapon)
Missiles
 r - 2 throwing nets (quivered)
 t - 13 poisoned needles
 A - 6 curare-tipped needles
 G - 8 tomahawks
Armour
 b - a +1 robe (worn)
 e - a +0 pair of boots (worn)
 E - the +4 ring mail "Loadadis" {Regen+, unknown}
   (You found it on level 5 of the Dungeon)

   It increases your rate of regeneration.
 M - a +2 cloak (worn)
Magical Staves
 F - an uncursed staff of air {unknown}
Jewellery
 k - an uncursed ring of wizardry
 m - a +2 ring of dexterity
 y - the ring of Safupn (left hand) {rF++ rN+ Str+2, =R}
   (You took it off an orc on level 4 of the Dungeon)

   [ring of positive energy]

   It affects your strength (+2).
   It greatly protects you from fire.
   It protects you from negative energy.
 J - a ring of see invisible (right hand)
 K - an uncursed amulet of harm
 W - an amulet of regeneration (around neck)
Wands
 x - a wand of teleportation (2/9)
Scrolls
 f - 2 scrolls of random uselessness {unknown}
 g - 3 scrolls of enchant weapon {unknown}
 h - 2 scrolls of enchant armour {unknown}
 i - 8 scrolls of identify {unknown}
 v - 3 scrolls of remove curse {unknown}
 C - 2 scrolls of amnesia {unknown}
 D - 3 scrolls of noise {unknown}
 O - a scroll of blinking {unknown}
 S - 2 scrolls of teleportation {unknown}
 T - a scroll of fear {unknown}
 V - a scroll of fog {unknown}
Potions
 p - 3 potions of haste {unknown}
 q - 2 potions of cure mutation {unknown}
 s - 3 potions of magic {unknown}
 u - 4 potions of flight {unknown}
 w - 3 potions of brilliance {unknown}
 z - a potion of curing {unknown}
 B - 2 potions of degeneration {unknown}
 H - 2 potions of might {unknown}
 I - a potion of cancellation {unknown}
 L - 3 potions of heal wounds {unknown}
 N - a potion of resistance {unknown}
 P - a potion of berserk rage {unknown}
 Q - a potion of agility {unknown}
 X - a potion of lignification {unknown}
Books
 c - a book of Maledictions

   Spells                             Type                      Level
   a - Corona                         Hexes                        1
   b - Ensorcelled Hibernation        Hexes/Ice                    2
   c - Confuse                        Hexes                        3
   d - Tukima's Dance                 Hexes                        3
   e - Dazzling Spray                 Conjuration/Hexes            3
 l - a book of Debilitation

   Spells                             Type                      Level
   a - Corona                         Hexes                        1
   b - Slow                           Hexes                        2
   c - Gell's Gravitas                Hexes/Translocation          3
   d - Inner Flame                    Hexes/Fire                   3
   e - Cause Fear                     Hexes                        4
   f - Leda's Liquefaction            Hexes/Earth                  4
 U - a book of the Tempests

   Spells                             Type                      Level
   a - Static Discharge               Conjuration/Air              3
   b - Lightning Bolt                 Conjuration/Air              5
   c - Fireball                       Conjuration/Fire             5
   d - Tornado                        Air                          9
   e - Shatter                        Earth                        9
Miscellaneous
 n - a plain deck of defence
Comestibles
 d - 4 bread rations
 j - 2 meat rations
 o - a beef jerky
 R - 3 chunks of flesh


   Skills:
 + Level 5.6 Short Blades
 - Level 2.1 Dodging
 * Level 8.5 Stealth
 + Level 5.3 Spellcasting
 + Level 0.0 Conjurations
 * Level 7.0 Hexes
 - Level 4.0 Ice Magic


You had 4 spell levels left.
You knew the following spells:

 Your Spells              Type           Power        Failure   Level  Hunger
a - Corona                Hex            #####..      1%          1    None
b - Ensorcelled Hibernat  Hex/Ice        ####..       1%          2    None
c - Confuse               Hex            #####...     1%          3    ##.....
d - Tukima's Dance        Hex            #####...     1%          3    ##.....
g - Dazzling Spray        Conj/Hex       ###.....     10%         3    ##.....
l - Slow                  Hex            #####...     1%          2    None


Dungeon Overview and Level Annotations

Branches:
Dungeon (7/15)             Temple (1/1) D:4

Altars:
Dithmenos
Gozag
Makhleb
Nemelex Xobeh
Xom

Annotations:
D:7 Dowan, Duvessa


Message History

The wight hits the wight with a falchion.
The wight misses your enchanted flail.
You catch the helpless wight completely off-guard!
You impale the wight!!
You destroy the wight!
Dithmenos accepts your kill.
Your enchanted flail hits the wight.
The wight closely misses the wight.
The wight hits your enchanted flail but does no damage.
Things that are here:
a robe; a scroll labeled ZIRO JONEPIF; 13 gold pieces The wight zaps a wand.
The bolt of acid hits your enchanted flail.
The bolt of acid hits you! The acid corrodes you!
The acid burns!
It is a wand of acid.
Your enchanted flail completely misses the wight.
The wight hits your enchanted flail with a long sword.
The wight zaps a wand.
The bolt of acid hits you!
* * * LOW HITPOINT WARNING * * *
The acid corrodes you!
The acid burns!
You die...

########>.###########
.....................
.....................
.....)...............
##....##...##.######
##.[).##...##.##..#######.
......).....#........z....
............#.....[.(zz...
............#...@.........
###...##...####'#########.
###...########....###..##'#
.......#.....#.............
.......#.....#........?....
.......#.....#.............
.##...##.....#.........##..
.##...##.....#........##
.......#.....#.......##


You could see 3 wights and a friendly enchanted flail.

Vanquished Creatures
  Sigmund (D:6)
  An ice beast (D:5)
  2 sky beasts (D:6)
  An orc warrior (D:6)
  A phantom (D:5)
  An ogre (D:4)
  3 giant frogs (D:6)
  A scorpion (D:6)
  4 wights
  A howler monkey (D:4)
  An electric eel (D:7)
  2 centaur zombies
  A crimson imp (D:3)
  4 orc priests
  Crazy Yiuf (D:5)
  A jelly (D:5)
  6 orc wizards
  Jessica (D:3)
  A giant frog skeleton (D:6)
  Terence (D:2)
  An iguana (D:6)
  2 worker ants
  2 mummies (Ossuary)
  A worker ant zombie (D:4)
  A gnoll (D:4)
  7 adders
  A shadow imp (D:6)
  3 oozes
  2 adder skeletons (D:6)
  2 worms (D:3)
  2 dart slugs
  3 giant geckos
  21 orcs
  2 giant cockroaches
  2 gnoll zombies (Ossuary)
  12 goblins
  7 hobgoblins
  3 kobolds
  3 quokkas
  A ball python (D:4)
  3 bats
  A giant cockroach zombie (D:5)
  5 giant newts
  4 gnoll skeletons (Ossuary)
  2 goblin skeletons (Ossuary)
  3 goblin zombies (Ossuary)
  2 hobgoblin skeletons (Ossuary)
  A hobgoblin zombie (Ossuary)
  A jackal zombie (D:5)
  A kobold skeleton (Ossuary)
  6 kobold zombies (Ossuary)
  3 orc skeletons (Ossuary)
  An orc zombie (Ossuary)
  A quokka skeleton (D:4)
  A quokka zombie (D:6)
  7 rats
  A rat skeleton (Ossuary)
  4 rat zombies (Ossuary)
160 creatures vanquished.

Vanquished Creatures (others)
  Menkaure (Ossuary)
  A mummy (Ossuary)
  2 gnoll skeletons (Ossuary)
  A gnoll zombie (Ossuary)
  3 goblin skeletons (Ossuary)
  3 goblin zombies (Ossuary)
  2 hobgoblin skeletons (Ossuary)
  A hobgoblin zombie (Ossuary)
  A kobold zombie (Ossuary)
  3 orc skeletons (Ossuary)
  2 orc zombies (Ossuary)
  2 rat skeletons (Ossuary)
22 creatures vanquished.

Grand Total: 182 creatures vanquished

Notes
Turn   | Place    | Note
--------------------------------------------------------------
     0 | D:1      | mopl the High Elf Enchanter began the quest for the Orb.
     0 | D:1      | Reached XP level 1. HP: 11/11 MP: 4/4
   363 | D:1      | Found a sparkling altar of Nemelex Xobeh.
   390 | D:1      | Reached XP level 2. HP: 17/17 MP: 3/6
   394 | D:1      | Learned a level 2 spell: Ensorcelled Hibernation
  1150 | D:2      | Reached XP level 3. HP: 21/21 MP: 3/7
  1154 | D:2      | Learned a level 2 spell: Slow
  1323 | D:2      | Reached skill level 4 in Stealth
  1504 | D:3      | Reached skill level 2 in Short Blades
  2051 | D:3      | Noticed Terence
  2061 | D:2      | Killed Terence
  2061 | D:2      | Reached skill level 3 in Spellcasting
  2061 | D:2      | Reached XP level 4. HP: 27/27 MP: 6/9
  2066 | D:2      | Learned a level 3 spell: Confuse
  2278 | D:3      | Noticed Jessica
  2293 | D:3      | Killed Jessica
  2293 | D:3      | Reached skill level 1 in Ice Magic
  2293 | D:3      | Reached XP level 5. HP: 29/31 MP: 1/10
  2456 | D:3      | Found a burning altar of Makhleb.
  2461 | D:3      | Reached skill level 4 in Hexes
  2464 | D:3      | Reached skill level 5 in Stealth
  2886 | D:4      | Found an opulent altar of Gozag.
  2896 | D:4      | Reached XP level 6. HP: 34/36 MP: 2/12
  3040 | D:4      | Reached skill level 3 in Short Blades
  3176 | D:4      | Got a translucent bronze ring
  3308 | D:4      | Identified the ring of Safupn {rF++ rN+ Str+2} (You took it off an orc on level 4 of the Dungeon)
  3477 | D:4      | Reached skill level 2 in Ice Magic
  3698 | D:4      | Found a staircase to the Ecumenical Temple.
  3707 | Temple   | Entered the Ecumenical Temple
  3716 | Temple   | Became a worshipper of Dithmenos the Shadowed
  3745 | D:4      | Reached skill level 6 in Stealth
  3793 | D:5      | Entered Level 5 of the Dungeon
  3827 | D:5      | Reached XP level 7. HP: 39/41 MP: 7/13
  3866 | D:5      | Got a dazzling ring mail
  3965 | D:5      | Reached skill level 5 in Hexes
  3971 | D:5      | Learned a level 3 spell: Dazzling Spray
  4165 | D:5      | Reached skill level 4 in Spellcasting
  4170 | D:5      | Learned a level 3 spell: Tukima's Dance
  4385 | D:5      | Noticed Crazy Yiuf
  4391 | D:5      | Killed Crazy Yiuf
  4467 | D:6      | Reached skill level 4 in Short Blades
  4492 | D:6      | Found a sand-covered staircase.
  4511 | Ossuary  | Entered an ossuary
  4921 | Ossuary  | Reached * piety under Dithmenos
  5216 | Ossuary  | Noticed Menkaure
  5235 | Ossuary  | Killed Menkaure
  5235 | Ossuary  | Reached XP level 8. HP: 37/46 MP: 9/15
  5255 | Ossuary  | Reached skill level 7 in Stealth
  5363 | D:6      | Reached skill level 6 in Hexes
  5363 | D:6      | Reached skill level 3 in Ice Magic
  5539 | D:6      | Noticed Sigmund
  5562 | D:7      | Reached ** piety under Dithmenos
  5784 | D:7      | Noticed Dowan
  5787 | D:7      | Noticed Duvessa
  5811 | D:6      | Reached skill level 5 in Short Blades
  6119 | D:6      | Reached skill level 8 in Stealth
  6137 | D:6      | Killed Sigmund
  6137 | D:6      | Reached skill level 5 in Spellcasting
  6256 | D:6      | Reached XP level 9. HP: 51/51 MP: 12/17
  6272 | D:6      | Reached skill level 7 in Hexes
  6272 | D:6      | Reached skill level 4 in Ice Magic
  6396 | D:6      | Splashed by a wight's acid

Skill      XL: |  1  2  3  4  5  6  7  8  9 |
---------------+----------------------------+-----
Stealth        | 4 5 6 8 |  8.5
Short Blades   | 2 3 4 5 |  5.6
Spellcasting   | 3 4 5 |  5.3
Ice Magic      | 1 2 3 4 |  4.0
Hexes          | 4 5 6 7 |  7.0
Dodging        | |  2.1

Action                   |  1- 3 |  4- 6 |  7- 9 || total
-------------------------+-------+-------+-------++-------
Melee: Dagger            |   109 |   133 |   267 ||   509
 Cast: Corona            |     1 |       |       ||     1
       Ensorcelled Hiber |    16 |    39 |    35 ||    90
       Confuse           |       |     4 |    26 ||    30
       Tukima's Dance    |       |       |     7 ||     7
Evoke: Wand              |       |       |     1 ||     1
 Stab: Sleeping          |    20 |    25 |    30 ||    75
       Distracted        |     1 |     3 |       ||     4
       Confused          |       |     3 |    11 ||    14
  Eat: Chunk             |     4 |     8 |     9 ||    21
       Beef jerky        |       |       |     1 ||     1
Armor: Robe              |    21 |    16 |    34 ||    71
Dodge: Dodged            |    64 |    59 |    99 ||   222
